 Dungeon Crawl Stone Soup version 0.28.0-53-g5a82cb258f (webtiles) character file.

Game seed: 18007608078265371653

70 Sin92 the Skirmisher (level 4, -4/35 HPs)
             Began as a Demonspawn Fighter on July 9, 2022.
             Slain by Grinder (9 damage)
             ... while paralysed by Grinder
             ... on level 3 of the Dungeon.
             The game lasted 00:02:11 (2241 turns).

Sin92 the Skirmisher (Demonspawn Fighter)           Turns: 2241, Time: 00:02:12

Health: -4/35      AC:  6    Str: 16    XL:     4   Next: 3%
Magic:  4/4        EV:  2    Int: 10    God:
Gold:   58         SH:  0    Dex: 14    Spells: 3/3 levels left

rFire   . . .      SeeInvis .   a - +1 war axe
rCold   . . .      Faith    .   m - +0 kite shield
rNeg    . . .      Spirit   .   b - +0 scale mail
rPois   .          Reflect  .   (no helmet)
rElec   .          Harm     .   (no cloak)
rCorr   .          Rampage  .   (no gloves)
Will    .....                   (no boots)
Stlth   ..........              (no amulet)
HPRegen 0.11/turn               (no ring)
MPRegen 0.09/turn               (no ring)

@: paralysed, mighty
A: condensation shield, demonic magic 1
a: no special abilities


You were on level 3 of the Dungeon.
You visited 1 branch of the dungeon, and saw 3 of its levels.

You collected 58 gold pieces.

Inventory:

Hand Weapons
 a - a +1 war axe (weapon)
Armour
 b - a +0 scale mail (worn)
 c - a +0 buckler
 m - a +0 kite shield (worn)
Scrolls
 g - a scroll of immolation {unknown}
 j - 2 scrolls of vulnerability
Potions
 d - a potion of might
 e - a potion of cancellation {unknown}
 f - a potion of attraction
 k - a potion of lignification {unknown}
 l - a potion of heal wounds


   Skills:
 + Level 3.4 Fighting
 * Level 2.8 Axes
 + Level 3.1 Armour
 + Level 3.1 Shields


You had 3 spell levels left.
You didn't know any spells.
Your spell library contained the following spells:

 Spells                   Type           Power      Damage    Failure   Level
 Sandblast                Erth           0%         2d4       99%         1
 Passwall                 Tmut/Erth      0%         N/A       99%         2
 Stone Arrow              Conj/Erth      0%         3d7       100%        3


Dungeon Overview and Level Annotations

Branches:
Dungeon (3/15)

Altars:

Annotations:
D:3 Grinder


Innate Abilities, Weirdness & Mutations

A meltable shield of frost defends you. (SH +4)
Spells you cast may paralyse adjacent enemies.


Message History

Grinder is nearby!
Grinder blinks!
Found a book of Geomancy.
Found 23 sling bullets.
You pick up a book of Geomancy and begin reading...
You add the spells Sandblast, Passwall and Stone Arrow to your library.
There are no items here.
Okay, then.
Grinder blinks!
You feel very mighty all of a sudden.
You slash Grinder!
Grinder is lightly wounded.
You block Grinder's attack. Grinder barely misses you.
You completely miss Grinder.
Grinder is lightly wounded.
You block Grinder's attack.
You closely miss Grinder.
Grinder is lightly wounded.
Grinder gestures at you. Pain shoots through your body!
You block Grinder's attack.
You barely miss Grinder.
Grinder is lightly wounded.
Grinder gestures at you. You resist with significant effort.
You closely miss Grinder.
Grinder is lightly wounded.
Grinder hits you but does no damage. Grinder hits you.
You closely miss Grinder.
Grinder is lightly wounded.
Grinder gestures at you.
You suddenly lose the ability to move!
Grinder hits you.
You writhe in agony.
Grinder hits you but does no damage.
Grinder says, "What is the universe for?"
Grinder hits you!
* * * LOW HITPOINT WARNING * * *
You writhe in agony.
* * * LOW HITPOINT WARNING * * *
Grinder hits you!
You die...

###### #.....# ##.......
#........ # #........ ...#####
#........
.......###############........
..> ##.........5@.............
#...#...############........(.
...§.....## ##...#........
..........## #...###........
..........†####..## #........
................# #........
.........####..### #........
#############....######...♣...
#.......... ...♣...


You could see Grinder.

Vanquished Creatures
  2 adders
  5 ball pythons
  3 bats
  8 endoplasms
  4 giant cockroaches
  3 goblins
  5 hobgoblins
  6 jackals (D:1)
  3 frilled lizards
  3 kobolds
  4 rats (D:1)
46 creatures vanquished.

Vanquished Creatures (others)
  4 fungi (D:3)
4 creatures vanquished.

Grand Total: 50 creatures vanquished

Notes
Turn   | Place    | Note
-------+----------+-------------------------------------------
     0 | D:1      | Sin92 the Demonspawn Fighter began the quest for the Orb.
     0 | D:1      | Reached XP level 1. HP: 18/18 MP: 1/1
     1 | D:1      | Found a runed translucent door.
   210 | D:1      | Gained mutation: A meltable shield of frost defends you.
                  | (SH +4) [demonic ancestry]
   210 | D:1      | Reached XP level 2. HP: 21/24 MP: 2/2
   899 | D:1      | Reached XP level 3. HP: 22/29 MP: 3/3
  1514 | D:2      | Found a faded altar of an unknown god.
  2199 | D:3      | Gained mutation: Spells you cast may paralyse adjacent
                  | enemies. [demonic ancestry]
  2199 | D:3      | Reached XP level 4. HP: 35/35 MP: 4/4
  2205 | D:3      | Noticed Grinder
  2237 | D:3      | Paralysed by Grinder for 6 turns
  2241 | D:3      | Slain by Grinder

Illustrated notes

Levels and vault maps discovered:
D:1:      dpeg_arrival_caged_fury, layout_loops_ring
D:2:      layout_loops_corners, dreamdust_ecumenical_altar_statues,
          serial_bayou_lagoon_b
D:3:      layout_rooms, mainiacjoe_overflow_boulevard, grunt_gozag_breadcrumbs,
          ebering_ghost_sewer_d, uniq_grinder, uniq_crazy_yiuf_cottage

Skill      XL: |  1  2  3 |
---------------+----------+-----
Axes           | 2 |  2.8
Armour         | 3 |  3.1
Shields        | 3 |  3.1
Fighting       | |  3.4

Action                   |  1- 3 |  4- 6 || total
-------------------------+-------+-------++-------
Melee: War axe           |   111 |     6 ||   117
  Use: Scroll            |     5 |       ||     5
       Potion            |     1 |     1 ||     2
Armor: Scale mail        |    48 |     2 ||    50
Dodge: Dodged            |    55 |     1 ||    56
Block: Buckler           |    57 |       ||    57
       Kite shield       |     3 |     3 ||     6
